 Dungeon Crawl Stone Soup version 0.30-a0-793-g160f7cfddd (webtiles) character file.

Game seed: 4205060527665877267

55946 Smoke131 the Cruncher (level 14, -2/121 HPs)
             Began as a Purple Draconian Fire Elementalist on Feb 19, 2023.
             Was a High Priest of Sif Muna.
             Slain by an orc warlord
             ... wielding a +2 battleaxe
              (10 damage)
             ... on level 1 of the Orcish Mines.
             The game lasted 01:19:11 (20960 turns).

Smoke131 the Cruncher (DrFE)                       Turns: 20960, Time: 01:19:12

Health: -2/121     AC: 16    Str: 11    XL:     14   Next: 40%
Magic:  26/34      EV: 15    Int: 33    God:    Sif Muna [*****.]
Gold:   1164       SH:  0    Dex: 11    Spells: 14/33 levels left

rFire   . . .      SeeInvis .    d - +6 Majin-Bo {spellvamp, MP+6 Int+6}
rCold   . . .      Faith    .    (no shield)
rNeg    . . .      Spirit   .    (body armour unavailable)
rPois   .          Reflect  .    V - +0 hat
rElec   .          Harm     .    e - +1 cloak
rCorr   .          Rampage  .    p - +0 pair of gloves
Will    ++...                    u - +0 pair of boots
Stlth   ++                       j - amulet of magic regeneration
HPRegen 0.40/turn                J - +6 ring of intelligence
MPRegen 0.64/turn                E - +4 ring of protection

@: studying Fighting
A: breathe power, AC +8, unfitting armour, cold-blooded
a: Breathe Dispelling Energy, Renounce Religion, Channel Magic, Forget Spell,
Divine Exegesis


You were on level 1 of the Orcish Mines.
You worshipped Sif Muna.
Sif Muna was extremely pleased with you.
You visited 4 branches of the dungeon, and saw 19 of its levels.
You also visited: Sewer and Bailey.

You collected 2256 gold pieces.
You spent 1092 gold pieces at shops.

Inventory:

Hand Weapons
 d - the +6 Majin-Bo (weapon) {spellvamp, MP+6 Int+6}
   (You acquired it on level 8 of the Dungeon)

   Int:       It affects your intelligence (+6).
   MP:        It affects your magic capacity (+6).
Missiles
 H - 3 throwing nets
Armour
 e - a +1 cloak (worn)
 p - a +0 pair of gloves (worn)
 u - a +0 pair of boots (worn)
 V - a +0 hat (worn)
Jewellery
 j - an amulet of magic regeneration (around neck)
 k - a ring of magical power
 n - a ring of poison resistance
 q - a ring of resist corrosion
 E - a +4 ring of protection (right hand)
 J - a +6 ring of intelligence (left hand)
 Q - a +4 ring of protection
 R - a +6 ring of strength
 T - a +6 ring of intelligence
 U - a ring of positive energy
Wands
 c - a wand of mindburst (6)
 l - a wand of flame (91)
 y - a wand of charming (33)
 z - a wand of digging (6)
 C - a wand of quicksilver (10)
 O - a wand of roots (7)
Scrolls
 g - a scroll of brand weapon
 o - 3 scrolls of blinking
 s - 4 scrolls of teleportation
 t - 2 scrolls of poison
 A - a scroll of fear
 B - 2 scrolls of amnesia
 D - 3 scrolls of vulnerability
 F - 2 scrolls of enchant weapon
 M - 2 scrolls of magic mapping
 N - a scroll of acquirement
 P - a scroll of fog
Potions
 a - 2 potions of magic
 b - 8 potions of curing
 f - 2 potions of haste
 h - 3 potions of flight
 i - 2 potions of berserk rage
 m - a potion of mutation
 r - a potion of invisibility
 v - a potion of resistance
 w - a potion of lignification
 x - 3 potions of brilliance
 G - 2 potions of cancellation
 I - a potion of heal wounds
 K - 2 potions of might
 L - 2 potions of attraction
 S - 3 potions of ambrosia


   Skills:
 - Level 10.0 Fighting
 + Level 10.4 Staves
 - Level 10.0 Dodging
 - Level 1.7 Stealth
 - Level 10.0 Spellcasting
 - Level 10.0 Conjurations
 - Level 5.0 Translocations
 - Level 10.0 Fire Magic
 - Level 5.0 Air Magic
 - Level 10.0 Invocations


You had 14 spell levels left.
You knew the following spells:

 Your Spells              Type           Power      Damage    Failure   Level
a - Foxfire               Conj/Fire      100%       2x1d9     1%          1
b - Scorch                Fire           100%       2d10      1%          2
c - Kindle Blastsparks    Fire/Tloc/Air  100%       2d18      1%          3
d - Flame Wave            Conj/Fire      70%        2d16      1%          4
e - Fireball              Conj/Fire      35%        3d15      1%          5
y - Blink                 Tloc           98%        N/A       1%          2
z - Momentum Strike       Conj/Tloc      100%       3d10      1%          2

Your spell library contained the following spells:

 Spells                   Type           Power      Damage    Failure   Level
 Shock                    Conj/Air       100%       1d9       1%          1
 Lesser Beckoning         Tloc           98%        N/A       1%          2
 Dazzling Flash           Conj/Hex       98%        N/A       1%          3
 Gell's Gravitas          Tloc           49%        N/A       1%          3
 Hailstorm                Conj/Ice       49%        3d11      1%          3
 Inner Flame              Hex/Fire       49%        N/A       1%          3
 Stone Arrow              Conj/Erth      98%        3d13      1%          3
 Teleport Other           Tloc           49%        N/A       1%          3
 Vhi's Electric Charge    Tloc/Air       98%        N/A       1%          3
 Iskenderun's Mystic Bla  Conj/Tloc      60%        2d13      1%          4
 Freeze                   Ice            64%        1d7       2%          1
 Ignite Poison            Fire/Tmut/Pois 38%        N/A       2%          3
 Portal Projectile        Hex/Tloc       66%        N/A       3%          3
 Fulminant Prism          Conj/Hex       24%        3d12      3%          4
 Manifold Assault         Tloc           49%        N/A       3%          4
 Passage of Golubria      Tloc           49%        N/A       3%          4
 Arcjolt                  Conj/Air       30%        1d40      3%          5
 Lightning Bolt           Conj/Air       30%        1d47      3%          5
 Ensorcelled Hibernation  Hex/Ice        32%        N/A       4%          2
 Sublimation of Blood     Necr           16%        N/A       4%          2
 Call Canine Familiar     Summ           16%        N/A       9%          3
 Frozen Ramparts          Ice            32%        1d5       9%          3
 Spider Form              Tmut/Pois      16%        N/A       9%          3
 Summon Guardian Golem    Hex/Summ       16%        N/A       9%          3
 Tukima's Dance           Hex            16%        N/A       9%          3
 Irradiate                Conj/Tmut      24%        3d19      10%         5
 Anguish                  Hex/Necr       8%         N/A       28%         4
 Cause Fear               Hex            8%         N/A       28%         4
 Ice Form                 Ice/Tmut       16%        N/A       28%         4
 Leda's Liquefaction      Hex/Erth       8%         N/A       28%         4
 Petrify                  Tmut/Erth      16%        N/A       28%         4
 Summon Ice Beast         Ice/Summ       16%        N/A       28%         4
 Silence                  Hex/Air        16%        N/A       28%         5
 Orb of Destruction       Conj           35%        9d10      36%         7
 Dispersal                Tloc           24%        N/A       50%         6
 Agony                    Necr           16%        N/A       61%         5
 Lee's Rapid Deconstruct  Erth           8%         3d7*      61%         5
 Summon Mana Viper        Hex/Summ       16%        N/A       61%         5
 Yara's Violent Unravell  Hex/Tmut       8%         3d5       61%         5
 Spellforged Servitor     Conj/Summ      24%        N/A       97%         7
 Ignition                 Fire           35%        3d11      97%         8
 Malign Gateway           Summ/Tloc      16%        N/A       100%        7
 Monstrous Menagerie      Summ           8%         N/A       100%        7
 Storm Form               Tmut/Air       16%        N/A       100%        7
 Discord                  Hex            8%         N/A       100%        8
 Lehudib's Crystal Spear  Conj/Erth      24%        10d7      100%        8
 Maxwell's Capacitive Co  Air            24%        ∞         100%        8
 Summon Horrible Things   Summ           8%         N/A       100%        8
 Chain Lightning          Conj/Air       30%        3d40      100%        9
 Fire Storm               Conj/Fire      35%        8d9       100%        9
 Shatter                  Erth           8%         3d10*     100%        9
 Animate Armour           Summ/Erth      Unusable   N/A       N/A         4

Dungeon Overview and Level Annotations

Branches:
Dungeon (11/15)            Temple (1/1) D:5            Lair (5/5) D:8
  Swamp (0/4) Lair:3        Snake (0/4) Lair:2        Slime (0/5) Lair:4
    Orc (2/2) D:11            Elf (0/3) Orc:2         Sewer (visited)
 Bailey (visited)

Altars:
Ashenzari
Cheibriados
Dithmenos
Elyvilon
Fedhas
Gozag
Hepliaklqana
Kikubaaqudgha
Makhleb
Nemelex Xobeh
Okawaru
Qazlal
Ru
Sif Muna
Trog
Uskayaw
Vehumet
Wu Jian
Xom
Yredelemnul
Zin
The Shining One
Jiyva

Shops:
D:4 ?   D:10 :

Annotations:
D:4 2 transporters
D:9 1 runed translucent door, Lobster4's ghost, journeyman HOFi


Innate Abilities, Weirdness & Mutations

You can breathe bolts of dispelling energy.
Your rich purple scales are hard. (AC +8)
You cannot fit into any form of body armour.
You are cold-blooded and may be slowed by cold attacks.


Message History

The orc warlord is lightly wounded. (Press . to intensify the flame waves.)
The orc warlord hits you with a +2 battleaxe!!
The orc warrior hits you with a +0 short sword.
The orc warrior hits you but does no damage.
A wave of flame ripples out!
The flame wave engulfs the orc warrior!
You feel better.
You kill the orc warrior!
Sif Muna accepts your kill.
The flame wave engulfs the orc warrior!
You feel better.
You kill the orc warrior!
Sif Muna accepts your kill.
The flame wave engulfs the orc warlord!
You feel better.
The orc warlord is moderately wounded.
The orc warlord barely misses you.
A wave of flame ripples out!
The flame wave engulfs the orc warlord.
You feel better.
The orc warlord is moderately wounded.
You finish channelling waves of flame.
The orc warlord hits you with a +2 battleaxe!
Casting: Flame Wave (mildly dangerous; 1% risk of failure)
Confirm with . or Enter, or press ? or * to list all spells.
Casting: Flame Wave (mildly dangerous; 1% risk of failure)
Press: ? - help, Dir - look around, f - activate A wave of flame ripples out!
The flame wave engulfs the orc warlord!
You feel better.
The orc warlord is moderately wounded. (Press . to intensify the flame waves.)
The orc warlord hits you with a +2 battleaxe!!
A wave of flame ripples out!
The flame wave engulfs the orc warlord!
You feel better.
The orc warlord is heavily wounded.
The orc warlord hits you with a +2 battleaxe!!!
* * * LOW HITPOINT WARNING * * *
A wave of flame ripples out!
The flame wave engulfs the orc warlord.
You feel better.
The orc warlord is heavily wounded.
You finish channelling waves of flame.
The orc warlord hits you with a +2 battleaxe!
You die...

###....#.#..## ###
#####........##
######.####.##..#...#...#
#.##.....#.........#....##
....................#....##
#.##...............#......#
####.....................##
#.....##.....).)......##
##.....#......@......##
###...........o....##
##.##............##
####.............#
##.......#....#
#....#....#...#
##.##......#.##
#...##.##.#### ##..###.####


You could see an orc warlord (strong).

Vanquished Creatures
  An orc warlord (Orc:1)
  An ettin (Orc:2)
  2 catoblepae
  A hydra (Lair:5)
  A deep troll shaman (Lair:5)
  6 death yaks
  Urug (Lair:1)
  Nergalle (Lair:1)
  3 orc high priests (Orc:2)
  A skyshark (Lair:4)
  2 lindwurms
  A deep elf pyromancer (D:7)
  An orc knight (Bailey)
  3 orc sorcerers
  24 elephants
  3 black mambas
  3 torpor snails
  A gargoyle (D:11)
  5 cane toads
  2 rime drakes
  10 komodo dragons
  3 polar bears
  2 trolls
  13 blink frogs
  Prince Ribbit (D:7)
  5 dream sheep
  A vampire (D:11)
  A wraith (D:10)
  9 wyverns
  2 shadows
  66 yaks
  5 basilisks
  A steam dragon (D:8)
  3 wargs
  3 nagas (Lair:2)
  2 acid dragons
  7 water moccasins
  2 ice beasts
  33 orc warriors
  4 ogres
  4 black bears
  10 wolves (Lair:5)
  9 centaurs
  2 phantoms (D:5)
  2 kobold brigands
  17 bullfrogs
  2 necrophages (D:6)
  2 scorpions (D:5)
  6 wights (D:8)
  9 killer bees
  2 howler monkeys
  An electric eel (D:7)
  6 jellies
  4 hounds
  A gnoll bouda (D:6)
  7 orc priests
  An iguana (D:4)
  16 orc wizards
  7 hell rats (Lair:3)
  7 gnolls
  8 adders
  4 white imps
  An ufetubus (D:5)
  A dart slug (D:4)
  74 orcs
  18 ball pythons
  15 endoplasms
  10 giant cockroaches
  9 goblins
  7 hobgoblins
  19 kobolds
  9 quokkas
  3 bats
  13 frilled lizards
  5 rats
547 creatures vanquished.

Vanquished Creatures (collateral kills)
  4 foxfires
4 creatures vanquished.

Vanquished Creatures (others)
  1079 foxfires
  19 fungi
  41 plants
1139 creatures vanquished.

Grand Total: 1690 creatures vanquished

Notes
Turn   | Place    | Note
-------+----------+-------------------------------------------
     0 | D:1      | Smoke131 the Draconian Fire Elementalist began the quest
                  | for the Orb.
     0 | D:1      | Reached XP level 1. HP: 14/14 MP: 3/3
   129 | D:1      | Reached XP level 2. HP: 20/20 MP: 0/5
   392 | D:1      | Reached XP level 3. HP: 26/26 MP: 4/6
   631 | D:1      | Learned a level 2 spell: Scorch
  1692 | D:3      | Found a glowing drain.
  1736 | Sewer    | Entered a sewer
  1741 | Sewer    | Reached XP level 4. HP: 33/33 MP: 7/7
  2018 | Sewer    | Noticed a bullfrog
  2018 | Sewer    | Noticed a bullfrog
  2023 | Sewer    | Killed a bullfrog
  2024 | Sewer    | Reached XP level 5. HP: 38/38 MP: 9/9
  2233 | D:3      | Learned a level 2 spell: Momentum Strike
  2236 | D:3      | Learned a level 2 spell: Blink
  2240 | D:3      | Learned a level 3 spell: Kindle Blastsparks
  2375 | D:3      | Reached XP level 6. HP: 45/45 MP: 10/10
  2961 | D:4      | Found Wukke's Magic Scroll Shoppe.
  3117 | D:4      | Bought a scroll of identify for 26 gold pieces
  3117 | D:4      | Bought a scroll of identify for 26 gold pieces
  3147 | D:4      | Reached skill level 1 in Fighting
  3198 | D:4      | Found a transporter.
  3202 | D:4      | Noticed a wyvern
  3203 | D:4      | Found a transporter.
  3212 | D:4      | Found a glowing silver altar of Zin.
  3251 | D:4      | Reached skill level 1 in Air Magic
  3490 | D:5      | Entered Level 5 of the Dungeon
  3536 | D:5      | Reached skill level 1 in Translocations
  3536 | D:5      | Your scales start taking on a rich purple colour.
  3536 | D:5      | Reached XP level 7. HP: 45/52 MP: 12/13
  3814 | D:5      | Found a staircase to the Ecumenical Temple.
  3876 | Temple   | Entered the Ecumenical Temple
  4821 | D:6      | Reached skill level 5 in Fire Magic
  4853 | D:6      | Reached skill level 5 in Spellcasting
  4853 | D:6      | Reached XP level 8. HP: 62/62 MP: 15/15
  5220 | D:6      | Found a shimmering blue altar of Sif Muna.
  5239 | D:6      | Became a worshipper of Sif Muna the Loreminder
  5918 | D:6      | Identified a scroll of acquirement
  5980 | D:7      | Found an ornate altar of the Wu Jian Council.
  5988 | D:7      | Reached XP level 9. HP: 71/71 MP: 16/17
  6134 | D:7      | Noticed Prince Ribbit
  6145 | D:7      | Reached skill level 5 in Conjurations
  6145 | D:7      | Noticed a deep elf pyromancer
  6158 | D:7      | Killed Prince Ribbit
  6159 | D:7      | Reached skill level 5 in Dodging
  6164 | D:7      | Found a sparkling altar of Nemelex Xobeh.
  6168 | D:7      | Killed a deep elf pyromancer
  6431 | D:7      | Identified the +8 hand axe "Dragon's Tongue" {pain, Str+9
                  | Dex+4 Stlth-}
  6545 | D:7      | Found a shadowy altar of Dithmenos.
  6708 | D:8      | Reached * piety under Sif Muna
  6746 | D:8      | Reached skill level 1 in Invocations
  6757 | D:7      | Reached skill level 5 in Fighting
  6968 | D:8      | Reached XP level 10. HP: 79/81 MP: 18/20
  6993 | D:8      | Acquired 668 gold pieces
  7207 | D:7      | Reached skill level 5 in Air Magic
  7350 | D:8      | Reached skill level 5 in Translocations
  7557 | D:8      | Reached ** piety under Sif Muna
  7735 | D:8      | Found a staircase to the Lair.
  7982 | Lair:1   | Entered Level 1 of the Lair of Beasts
  7982 | Lair:1   | Noticed an elephant
  7982 | Lair:1   | Noticed an elephant
  7982 | Lair:1   | Noticed an elephant
  7982 | Lair:1   | Noticed an elephant
  7982 | Lair:1   | Noticed an elephant
  7982 | Lair:1   | Noticed a cane toad
  7990 | D:8      | Killed an elephant
  8145 | D:9      | Learned a level 4 spell: Flame Wave
  8229 | D:9      | Found a shadowy altar of Dithmenos.
  8309 | D:9      | Reached XP level 11. HP: 76/91 MP: 8/22
  8441 | D:9      | Noticed Lobster4's ghost (journeyman HOFi)
  8445 | D:9      | Found a runed translucent door.
  8788 | D:9      | Found a blossoming altar of Fedhas.
  8849 | D:9      | Reached *** piety under Sif Muna
  9401 | D:10     | Entered Level 10 of the Dungeon
  9767 | D:10     | Found Aret's Self-Improvement Boutique.
  9783 | D:10     | Bought a manual of Fighting for 1040 gold pieces
  9920 | D:10     | Found a flagged portal.
  9930 | Bailey   | Entered a bailey
 10312 | Bailey   | Reached **** piety under Sif Muna
 10358 | Bailey   | Noticed an orc knight
 10376 | Bailey   | Killed an orc knight
 10377 | Bailey   | Reached skill level 5 in Invocations
 11686 | D:11     | Found a staircase to the Orcish Mines.
 11833 | D:8      | Acquired the +6 Majin-Bo {spellvamp, MP+6 Int+6}
 11833 | D:8      | Found the +6 Majin-Bo {spellvamp, MP+6 Int+6}
 11909 | D:8      | Reached skill level 1 in Staves
 11909 | D:8      | Reached XP level 12. HP: 103/103 MP: 2/25
 12180 | Lair:1   | Noticed Nergalle
 12614 | Lair:1   | Killed Nergalle
 12974 | Lair:1   | Identified the +8 sling of Purpose {speed, rPois rN+ Str+2}
 12987 | Lair:1   | Noticed Urug
 13017 | Lair:1   | Killed Urug
 13744 | Lair:2   | Reached skill level 10 in Fighting
 13760 | Lair:2   | Found a staircase to the Snake Pit.
 13791 | Lair:2   | Reached ***** piety under Sif Muna
 14809 | Lair:3   | Received a gift from Sif Muna
 14816 | Lair:3   | Got Sif Muna's Annotations on Blasts {god gift}
 14969 | Lair:3   | Found a staircase to the Swamp.
 15188 | Lair:3   | Reached skill level 10 in Spellcasting
 15256 | Lair:3   | Reached XP level 13. HP: 106/113 MP: 23/27
 15493 | Lair:3   | Found an iron altar of Okawaru.
 15586 | Lair:4   | Found a staircase to the Slime Pits.
 15586 | Lair:4   | Found a viscous altar of Jiyva.
 16565 | Lair:4   | HP: 2/113 [something/blast of calcifying dust (7)]
 17048 | Lair:4   | Reached skill level 5 in Staves
 17054 | Lair:4   | Reached skill level 10 in Fire Magic
 18182 | Lair:5   | Entered Level 5 of the Lair of Beasts
 18298 | Lair:5   | Reached skill level 10 in Conjurations
 18407 | Lair:4   | Received a gift from Sif Muna
 18410 | Lair:4   | Got Sif Muna's Catalogue of Scorching Translocation {god
                  | gift}
 18424 | Lair:4   | Learned a level 5 spell: Fireball
 18711 | Lair:5   | Identified the +4 falchion of Departure {antimagic, Int+2
                  | Dex+3}
 19112 | Lair:5   | Reached skill level 10 in Dodging
 19121 | Lair:5   | Reached XP level 14. HP: 73/121 MP: 5/28
 19126 | Lair:5   | Reached skill level 10 in Invocations
 19491 | Lair:5   | Found a snail-covered altar of Cheibriados.
 20261 | Orc:1    | Entered Level 1 of the Orcish Mines
 20261 | Orc:1    | Noticed an orc warlord
 20275 | Orc:1    | Killed an orc warlord
 20789 | Orc:2    | Entered Level 2 of the Orcish Mines
 20798 | Orc:2    | Found a staircase to the Elven Halls.
 20881 | Orc:2    | Reached skill level 10 in Staves
 20882 | Orc:2    | Noticed an orc warlord
 20959 | Orc:1    | HP: 6/121 [orc warlord/+2 battleaxe (43)]
 20960 | Orc:1    | Slain by an orc warlord

Illustrated notes

Levels and vault maps discovered:
D:1:      dpeg_arrival_tiny_g, layout_rooms, minmay_lizard_king
D:2:      layout_basic
D:3:      layout_loops_ring, cheibrodos_sewer_entry_drain, kennysheep_cross_room
D:4:      layout_rooms, gammafunk_temple_overflow_arena, serial_shops,
          nicolae_stop_n_shop_1
D:5:      minmay_opposing_rooms, layout_loops_ring, temple_pool_b
D:6:      layout_loops_corners, kennysheep_orc_sif_temple
D:7:      layout_gridville, lemuel_crystal_altar, hangedman_feature_mirror,
          serial_bayou_lagoon_a, hangedman_decor_lopped, uniq_prince_ribbit1
D:8:      layout_basic, david_lair_generic, grunt_potential
D:9:      layout_layer_cave, amcnicky_altar_gilded, fedhas_altar_2,
          hellmonk_ghost_happy_afterlife, special_room [special_room_orc],
          reono_crystal_passage
D:10:     layout_cave_pools, enter_bailey_3, nicolae_shop_self_help
D:11:     nicolae_cairo_tiling_very_big, layout_rooms, nrook_mini_vaults
Temple:   minmay_crystal_spiral_temple
Lair:1:   layout_big_grid, minmay_hedge_maze, uniq_urug, uniq_nergalle
Lair:2:   layout_cave_pods, nicolae_snake_entry_squirm, lemuel_fruit_tree,
          grunt_megastairs_1
Lair:3:   layout_big_grid, swamp_mist, basic_altar,
          chequers_serial_rivers_marsh, chequers_serial_rivers_micro_e
Lair:4:   layout_cave_pods, nicolae_slime_entry_field_trip,
          hangedman_lair_generics_rect
Lair:5:   grunt_lair_end_beastmaster, layout_long_grid, serial_rivers,
          chequers_serial_rivers_large_a, chequers_serial_rivers_room_b,
          chequers_serial_rivers_room_b, chequers_serial_rivers_room_a,
          chequers_serial_rivers_room_a, kennysheep_snail_temple
Orc:1:    layout_caves
Orc:2:    grunt_orc_gardens, layout_diamond_mine, grunt_orc_garden,
          grunt_orc_garden, grunt_orc_garden, grunt_orc_garden, serial_shops,
          nicolae_shop_stone, nicolae_orc_flooded_monolith,
          nicolae_orc_damp_corner

Skill      XL: |  1  2  3  4  5  6  7  8  9 10 11 12 13 14 |
---------------+-------------------------------------------+-----
Dodging        | 2 3 4 5 6 7 8 10 | 10.0
Conjurations   | 2 3 4 5 6 8 9 10 | 10.0
Spellcasting   | 3 4 5 6 7 9 10 | 10.0
Fire Magic     | 4 5 6 7 8 9 10 | 10.0
Fighting       | 1 2 3 5 6 8 10 | 10.0
Air Magic      | 1 2 3 4 5 |  5.0
Translocations | 1 2 3 4 5 |  5.0
Invocations    | 1 4 6 7 9 10 | 10.0
Staves         | 1 4 7 10 | 10.4
Stealth        | |  1.7

Action                     |  1- 3 |  4- 6 |  7- 9 | 10-12 | 13-15 || total
---------------------------+-------+-------+-------+-------+-------++-------
  Melee: Unarmed           |    39 |       |       |       |       ||    39
         Tailslap          |    12 |     2 |     9 |     2 |       ||    25
         Hand axe          |    63 |    28 |    27 |       |       ||   118
         Punch             |       |     1 |     1 |     1 |       ||     3
         Falchion          |       |       |    24 |       |       ||    24
         Dagger            |       |       |       |    18 |       ||    18
         Short sword       |       |       |       |     3 |       ||     3
         Staff             |       |       |       |     1 |       ||     1
   Cast: Foxfire           |    20 |    66 |   100 |   300 |   138 ||   624
         Scorch            |     2 |    50 |   117 |   356 |   222 ||   747
         Kindle Blastspark |       |       |     2 |    35 |     5 ||    42
         Momentum Strike   |       |       |       |     1 |       ||     1
         Flame Wave        |       |       |       |    19 |    47 ||    66
         Fireball          |       |       |       |       |    17 ||    17
         Blink             |       |       |       |       |    10 ||    10
 Invoke: Channel Magic     |       |       |       |       |     1 ||     1
Ability: Breathe Dispellin |       |       |     1 |       |       ||     1
  Evoke: Wand              |       |       |     5 |     2 |       ||     7
    Use: Scroll            |       |    11 |     5 |    16 |     6 ||    38
         Potion            |       |       |       |     1 |     2 ||     3
   Stab: Sleeping          |       |     2 |     1 |       |       ||     3
 Armour: Skin              |    49 |    27 |    93 |   154 |   195 ||   518
  Dodge: Dodged            |    79 |    59 |   141 |   339 |   284 ||   902

Table legend: (Time is in decaauts)
 A = Elapsed time spent in this place.
 B = Non-inter-level travel time spent in this place.
 C = Inter-level travel time spent in this place.
 D = Time resting spent in this place.
 E = Time spent auto-exploring this place.
 F = Levels seen in this place.
 G = Mean time per level.
                   A        B        C        D        E       F      G
               +--------+--------+--------+--------+--------+-----+--------+
         Total |  21162 |  20065 |   1097 |   4409 |  10675 |  21 | 1007.7 |
       Dungeon |  11259 |  10774 |    485 |   1529 |   6672 |  11 | 1023.5 |
        Temple |    211 |    127 |     84 |      0 |    111 |   1 |  211.0 |
          Lair |   8219 |   7691 |    528 |   2532 |   3536 |   5 | 1643.8 |
  Orcish Mines |    557 |    557 |      0 |     96 |    280 |   2 |  278.5 |
         Sewer |    382 |    382 |      0 |     69 |     25 |   1 |  382.0 |
        Bailey |    532 |    532 |      0 |    183 |     50 |   1 |  532.0 |
               +--------+--------+--------+--------+--------+-----+--------+

Top non-repeatable levels by time:
  Lair:4: 2292 daAuts
  Lair:3: 1751 daAuts
  Lair:2: 1671 daAuts
  Lair:5: 1483 daAuts
     D:9: 1435 daAuts
     D:6: 1214 daAuts
     D:7: 1175 daAuts
     D:8: 1158 daAuts
     D:5: 1042 daAuts
     D:2: 1029 daAuts
  Lair:1: 1019 daAuts
    D:11: 1011 daAuts
    D:10: 1003 daAuts
     D:3: 945 daAuts
     D:1: 640 daAuts
